 Dungeon Crawl Stone Soup version 0.23-a0-163-g800ba1ec23 (webtiles) character file.

3168 Ablot the Magician (level 9, -15/70 (71) HPs)
             Began as a Gnoll Skald on Sept 9, 2018.
             Was a Priest of Okawaru.
             Demolished by Grum
             ... wielding a +0 spear
              (20 damage)
             ... on level 9 of the Dungeon.
             The game lasted 00:16:03 (5844 turns).

Ablot the Magician (Gnoll Skald)                    Turns: 5844, Time: 00:16:03

HP:   -15/70 (71)   AC:  6    Str: 21    XL:     9   Next: 94%
MP:   12/19         EV: 16    Int: 16    God:    Okawaru [***...]
Gold: 272           SH:  5    Dex: 15    Spells: 2/21 levels left

rFire    . . .     SeeInvis +   w - +2 short sword (flame)
rCold    . . .     Gourm    .   H - +0 buckler
rNeg     . . .     Faith    .   (no armour)
rPois    .         Spirit   .   j - +2 helmet {SInv}
rElec    .         Reflect  .   u - +0 cloak
rCorr    .         Harm     .   F - +0 pair of gloves
MR       .....                  Q - +0 pair of boots
Stlth    +++.......             (no amulet)
HPRegen  1.21/turn              (no ring)
MPRegen  0.16/turn              (no ring)

@: mighty, singing, regenerating
A: distributed training, fangs 1, strong nose
a: Heroism, Renounce Religion


You were on level 9 of the Dungeon.
You worshipped Okawaru.
Okawaru was most pleased with you.
You were hungry.

You visited 2 branches of the dungeon, and saw 10 of its levels.

You collected 419 gold pieces.
You spent 147 gold pieces at shops.

Inventory:

Hand Weapons
 w - a +2 short sword of flaming (weapon)
 y - a +0 blowgun
Missiles
 e - 284 stones (quivered)
 n - 143 arrows
 q - 39 bolts
 s - 38 sling bullets
 x - 3 curare-tipped needles
 L - a throwing net
 P - 16 poisoned needles
Armour
 j - a +2 helmet of see invisible (worn)
 u - a +0 cloak (worn)
 F - a +0 pair of gloves (worn)
 H - a +0 buckler (worn)
 O - a +3 leather armour of magic resistance
 Q - a +0 pair of boots (worn)
Jewellery
 a - an uncursed ring of fire
Wands
 N - a wand of flame (34)
Scrolls
 c - 3 scrolls of noise {unknown}
 h - 2 scrolls of amnesia {unknown}
 k - 9 scrolls of remove curse
 l - 3 scrolls of teleportation {unknown}
 m - 2 scrolls of fear {unknown}
 o - a scroll of enchant armour {unknown}
 t - 2 scrolls of fog {unknown}
 A - a scroll of magic mapping {unknown}
 B - a scroll of brand weapon {unknown}
 C - a scroll of silence {unknown}
 E - a scroll of immolation {unknown}
 I - 3 scrolls of holy word {unknown}
Potions
 b - a potion of resistance
 f - a potion of agility {unknown}
 g - 3 potions of might
 i - a potion of heal wounds
 r - a potion of mutation
 v - 3 potions of brilliance
 D - a potion of haste
 M - a potion of flight
Comestibles
 d - 11 rations


   Skills:
 + Level 6.6 Fighting
 + Level 4.6 Short Blades
 + Level 4.6 Long Blades
 + Level 4.6 Axes
 + Level 4.6 Maces & Flails
 + Level 6.6 Polearms
 + Level 4.6 Staves
 + Level 4.6 Slings
 + Level 4.6 Bows
 + Level 4.6 Crossbows
 + Level 4.6 Throwing
 + Level 5.4 Armour
 + Level 6.6 Dodging
 + Level 4.6 Stealth
 + Level 4.6 Shields
 + Level 4.6 Unarmed Combat
 + Level 6.9 Spellcasting
 + Level 3.8 Conjurations
 + Level 3.8 Hexes
 + Level 6.7 Charms
 + Level 3.8 Summonings
 + Level 3.8 Necromancy
 + Level 3.8 Translocations
 + Level 3.8 Transmutations
 + Level 3.8 Fire Magic
 + Level 3.8 Ice Magic
 + Level 3.8 Air Magic
 + Level 3.8 Earth Magic
 + Level 3.8 Poison Magic
 + Level 5.1 Invocations
 + Level 4.6 Evocations


You had 2 spell levels left.
You knew the following spells:

 Your Spells              Type           Power        Failure   Level  Hunger
a - Infusion              Chrm           ####         1%          1    None
b - Song of Slaying       Chrm           ####....     1%          2    None
c - Shroud of Golubria    Chrm/Tloc      ###.......   2%          2    None
d - Regeneration          Chrm/Necr      ###.......   4%          3    ##.....
e - Spectral Weapon       Hex/Chrm       ###.....     4%          3    ##.....
f - Blink                 Tloc           N/A          3%          2    None
g - Conjure Flame         Conj/Fire      ###.....     8%          3    ##.....
h - Mephitic Cloud        Conj/Pois/Air  ###.....     8%          3    ##.....

Your spell library contained the following spells:

 Spells                   Type           Power        Failure   Level  Hunger
 Magic Dart               Conj           ###.         2%          1    None
 Call Imp                 Summ           ###.....     3%          2    None
 Poisonous Vapours        Pois/Air       ###...       3%          2    None
 Slow                     Hex            ###.....     3%          2    None
 Freezing Cloud           Conj/Ice/Air   ###.......   98%         6    #######
 Ring of Flames           Chrm/Fire      ###.......   100%        7    #######


Dungeon Overview and Level Annotations

Branches:
Dungeon (9/15)             Temple (1/1) D:5
   Lair: D:8-11         Orc: D:9-12

Altars:
Ashenzari
Cheibriados
Dithmenos
Elyvilon
Fedhas
Gozag
Hepliaklqana
Kikubaaqudgha
Makhleb
Nemelex Xobeh
Okawaru
Qazlal
Ru
Sif Muna
Trog
Uskayaw
Vehumet
Wu Jian
Xom
Yredelemnul
Zin
The Shining One

Shops:
D:5 [[*

Annotations:
D:4 1 runed door, yrara's ghost, amateur DsFi
D:9 Grum


Innate Abilities, Weirdness & Mutations

Your experience applies equally to all skills.
You have very sharp teeth.
Your uncanny sense of smell can sniff out nearby items.


Message History

You kill the wolf!
Okawaru accepts your kill. Grum hits you but does no damage.
Unknown command.
Grum barely misses you.
You hit Grum but do no damage. You block Grum's attack.
You closely miss Grum. Grum hits you with a spear.
You hit Grum but do no damage. Grum hits you with a spear!
* * * LOW HITPOINT WARNING * * *
You puncture Grum! You burn Grum.
Grum is moderately wounded.
You hit Grum. You burn Grum.
Grum is moderately wounded.
Grum hits you with a spear!
* * * LOW HITPOINT WARNING * * *
You feel very mighty all of a sudden. Grum closely misses you.
You feel mightier all of a sudden. Grum hits you with a spear!!
You die...

##### #....
############ #.###
#(.........###.##
#@########.##...##
#g# #........ #h#
####..... #h#
##.### #.# #.# #.#
#.# #.# #+# #.#


You could see Grum, 2 wolves and a friendly spectral short sword of flaming.

Vanquished Creatures
  A wyvern (D:8)
  Duvessa (D:7)
  An orc warrior (D:8)
  2 ice beasts (D:5)
  A sky beast (D:8)
  An ogre (D:5)
  2 phantoms
  2 wolves (D:9)
  A necrophage (D:6)
  A centaur (D:8)
  A big kobold (D:8)
  2 bullfrogs
  Dowan (D:7)
  3 scorpions
  6 killer bees (D:8)
  4 howler monkeys (D:8)
  A bullfrog zombie (D:8)
  4 crimson imps
  2 hounds
  2 quasits (D:8)
  2 jellies
  A centaur skeleton (D:4)
  3 orc priests
  3 bullfrog skeletons
  Jessica (D:2)
  2 iguanas
  2 orc wizards (D:4)
  8 worker ants
  A killer bee zombie (D:8)
  A mummy (D:7)
  A howler monkey zombie (D:7)
  3 gnolls (D:5)
  6 adders
  2 shadow imps
  An adder skeleton (D:4)
  4 worms
  3 dart slugs
  6 leopard geckos
  16 orcs
  4 bats
  15 giant cockroaches
  5 goblins
  10 hobgoblins
  8 jackals
  15 kobolds
  3 quokkas
  A ball python (D:1)
  A frilled lizard (D:4)
  A jackal skeleton (D:4)
  A quokka skeleton (D:4)
  6 rats
175 creatures vanquished.

Vanquished Creatures (others)
  A quokka (D:8)
  A spectral weapon (D:8)
  A withered plant (D:4)
3 creatures vanquished.

Grand Total: 178 creatures vanquished

Notes
Turn   | Place    | Note
-------+----------+-------------------------------------------
     0 | D:1      | Ablot the Gnoll Skald began the quest for the Orb.
     0 | D:1      | Reached XP level 1. HP: 20/20 MP: 6/6
   299 | D:1      | Reached XP level 2. HP: 26/26 MP: 7/7
   303 | D:1      | Learned a level 2 spell: Song of Slaying
   306 | D:1      | Learned a level 2 spell: Shroud of Golubria
   422 | D:1      | Reached XP level 3. HP: 24/31 MP: 9/9
   435 | D:1      | Reached skill level 5 in Spellcasting
   893 | D:2      | Reached skill level 1 in Invocations
   993 | D:2      | Reached skill level 1 in Short Blades
   993 | D:2      | Reached skill level 1 in Long Blades
   993 | D:2      | Reached skill level 1 in Axes
   993 | D:2      | Reached skill level 1 in Maces & Flails
   993 | D:2      | Reached skill level 1 in Staves
   993 | D:2      | Reached skill level 1 in Slings
   993 | D:2      | Reached skill level 1 in Bows
   993 | D:2      | Reached skill level 1 in Crossbows
   993 | D:2      | Reached skill level 1 in Throwing
   993 | D:2      | Reached skill level 1 in Stealth
   993 | D:2      | Reached skill level 1 in Shields
   993 | D:2      | Reached skill level 1 in Unarmed Combat
   993 | D:2      | Reached skill level 1 in Evocations
  1003 | D:2      | Learned a level 3 spell: Regeneration
  1007 | D:2      | Learned a level 3 spell: Spectral Weapon
  1188 | D:2      | Reached XP level 4. HP: 38/38 MP: 11/11
  1414 | D:2      | Noticed Jessica
  1420 | D:2      | Killed Jessica
  1420 | D:2      | Reached skill level 1 in Conjurations
  1420 | D:2      | Reached skill level 1 in Hexes
  1420 | D:2      | Reached skill level 1 in Summonings
  1420 | D:2      | Reached skill level 1 in Necromancy
  1420 | D:2      | Reached skill level 1 in Translocations
  1420 | D:2      | Reached skill level 1 in Transmutations
  1420 | D:2      | Reached skill level 1 in Fire Magic
  1420 | D:2      | Reached skill level 1 in Ice Magic
  1420 | D:2      | Reached skill level 1 in Air Magic
  1420 | D:2      | Reached skill level 1 in Earth Magic
  1420 | D:2      | Reached skill level 1 in Poison Magic
  1586 | D:3      | Found a shimmering altar of Xom.
  1630 | D:3      | Reached XP level 5. HP: 35/43 MP: 9/12
  1817 | D:3      | Found a sparkling altar of Nemelex Xobeh.
  2087 | D:4      | Reached XP level 6. HP: 34/50 MP: 9/13
  2198 | D:4      | Reached skill level 5 in Fighting
  2198 | D:4      | Reached skill level 5 in Polearms
  2198 | D:4      | Reached skill level 5 in Dodging
  2437 | D:4      | Reached XP level 7. HP: 36/56 MP: 10/15
  2507 | D:4      | Found a runed door.
  2508 | D:4      | Noticed yrara's ghost (amateur DsFi)
  2784 | D:5      | Entered Level 5 of the Dungeon
  2785 | D:5      | Found Usesuog's Assorted Antiques.
  2802 | D:5      | Bought an inky potion for 23 gold pieces
  2802 | D:5      | Bought a sapphire potion for 23 gold pieces
  2802 | D:5      | Bought a scroll labeled UREGATE KUSH for 26 gold pieces
  2802 | D:5      | Bought a scroll labeled VILIVE LEQAW for 26 gold pieces
  2802 | D:5      | Bought a scroll labeled YTIBIS ZAGIA for 26 gold pieces
  2802 | D:5      | Bought a fuming black potion for 23 gold pieces
  2917 | D:5      | Found Micoxker's Antique Armour Shoppe.
  3100 | D:5      | Reached XP level 8. HP: 43/63 MP: 6/16
  3144 | D:5      | Found an opulent altar of Gozag.
  3183 | D:5      | Found a staircase to the Ecumenical Temple.
  3193 | Temple   | Entered the Ecumenical Temple
  3308 | Temple   | Became a worshipper of Warmaster Okawaru
  3492 | D:5      | Found Umulatat's Antique Armour Shop.
  3775 | D:6      | Learned a level 2 spell: Blink
  3779 | D:6      | Learned a level 3 spell: Conjure Flame
  3783 | D:6      | Learned a level 3 spell: Mephitic Cloud
  3971 | D:6      | Found a radiant altar of Vehumet.
  4108 | D:6      | Found a glowing golden altar of the Shining One.
  4241 | D:7      | Reached * piety under Okawaru
  4249 | D:7      | Found a white marble altar of Elyvilon.
  4256 | D:7      | Found a shadowy altar of Dithmenos.
  4256 | D:7      | Found a hide-covered altar of Uskayaw.
  4256 | D:7      | Found a shattered altar of Ashenzari.
  4329 | D:7      | Found a shadowy altar of Dithmenos.
  4350 | D:7      | Found a snail-covered altar of Cheibriados.
  4354 | D:7      | Noticed Dowan
  4356 | D:7      | Noticed Duvessa
  4372 | D:7      | Killed Duvessa
  4377 | D:7      | Killed Dowan
  4645 | D:7      | Reached XP level 9. HP: 68/68 MP: 12/18
  4968 | D:8      | Reached ** piety under Okawaru
  5009 | D:8      | Reached skill level 5 in Armour
  5409 | D:8      | Reached skill level 5 in Invocations
  5637 | D:8      | Found a stormy altar of Qazlal.
  5817 | D:9      | Noticed Grum
  5830 | D:9      | Reached *** piety under Okawaru
  5842 | D:9      | HP: 3/70 [Grum/spear (13)]
  5844 | D:9      | Demolished by Grum

Vault maps used:
D:1:      lightli_arrival_noodles
D:2:      minmay_roachtagon, uniq_jessica
D:3:      lemuel_crystal_altar, lemuel_crystal_altar, minmay_close_crescents
D:4:      gammafunk_ghost_grave
D:5:      nicolae_gozag_seed_capital, minmay_temple_entry_glassed_door,
          first_ration, serial_shops, shop, nicolae_shop_stone,
          nicolae_shop_crystal
D:6:      tso_oasis_becter, lemuel_coloured_pillars_altar
D:7:      slow_altar_1, grunt_temple_overflow_open, basic_altar, uniq_duvessa
D:8:      grunt_qazlal_clouds
D:9:      uniq_grum
Temple:   minmay_temple_curvy_loop

Skill      XL: |  1  2  3  4  5  6  7  8  9 |
---------------+----------------------------+-----
Spellcasting   | 5 6 |  6.9
Invocations    | 1 2 3 4 5 |  5.1
Short Blades   | 1 2 3 4 |  4.6
Long Blades    | 1 2 3 4 |  4.6
Axes           | 1 2 3 4 |  4.6
Maces & Flails | 1 2 3 4 |  4.6
Staves         | 1 2 3 4 |  4.6
Slings         | 1 2 3 4 |  4.6
Bows           | 1 2 3 4 |  4.6
Crossbows      | 1 2 3 4 |  4.6
Throwing       | 1 2 3 4 |  4.6
Stealth        | 1 2 3 4 |  4.6
Shields        | 1 2 3 4 |  4.6
Unarmed Combat | 1 2 3 4 |  4.6
Evocations     | 1 2 3 4 |  4.6
Conjurations   | 1 2 3 |  3.8
Hexes          | 1 2 3 |  3.8
Summonings     | 1 2 3 |  3.8
Necromancy     | 1 2 3 |  3.8
Translocations | 1 2 3 |  3.8
Transmutations | 1 2 3 |  3.8
Fire Magic     | 1 2 3 |  3.8
Ice Magic      | 1 2 3 |  3.8
Air Magic      | 1 2 3 |  3.8
Earth Magic    | 1 2 3 |  3.8
Poison Magic   | 1 2 3 |  3.8
Armour         | 3 4 5 |  5.4
Fighting       | 5 6 |  6.6
Polearms       | 5 6 |  6.6
Dodging        | 5 6 |  6.6
Charms         | 6 |  6.7

Action                   |  1- 3 |  4- 6 |  7- 9 || total
-------------------------+-------+-------+-------++-------
Melee: Spear             |   148 |   118 |       ||   266
       Bite              |     8 |    29 |    38 ||    75
       Punch             |       |     4 |     8 ||    12
       Short sword       |       |   102 |   388 ||   490
 Cast: Infusion          |     2 |     2 |     4 ||     8
       Shroud of Golubri |     2 |    12 |    20 ||    34
       Song of Slaying   |     1 |     4 |     6 ||    11
       Regeneration      |     1 |     9 |     5 ||    15
       Spectral Weapon   |       |     4 |    12 ||    16
       Mephitic Cloud    |       |       |     2 ||     2
  Use: Scroll            |       |       |    10 ||    10
       Potion            |       |       |     2 ||     2
 Stab: Sleeping          |     4 |     1 |     8 ||    13
       Distracted        |       |       |     1 ||     1
       Confused          |       |       |     1 ||     1
  Eat: Chunk             |     1 |     6 |     9 ||    16
       Ration            |       |       |     1 ||     1
Armor: Leather armour    |    15 |    62 |   103 ||   180
       Skin              |       |       |     6 ||     6
Dodge: Dodged            |    81 |   154 |   305 ||   540
Block: Buckler           |       |       |    11 ||    11

Table legend:
 A = Non-vault XP
 B = Vault XP
 C = Vault XP percentage of total XP
 D = Non-vault monster count
 E = Vault monster count
 F = Vault count percentage of total count
                 A         B        C        D         E       F
            +---------+---------+-------+---------+---------+-------
      Total |    3980 |     546 |  12.1 |     157 |      18 |  10.3
            +---------+---------+-------+---------+---------+-------
        D:1 |      49 |       0 |   0.0 |      25 |       0 |   0.0
        D:2 |      32 |      53 |  62.4 |      13 |       9 |  40.9
        D:3 |     111 |       8 |   6.7 |      22 |       4 |  15.4
        D:4 |     391 |       0 |   0.0 |      16 |       0 |   0.0
        D:5 |     716 |       0 |   0.0 |      15 |       0 |   0.0
        D:6 |     488 |       0 |   0.0 |      12 |       0 |   0.0
        D:7 |     299 |     247 |  45.2 |      18 |       3 |  14.3
        D:8 |    1882 |       0 |   0.0 |      35 |       0 |   0.0
        D:9 |      12 |     238 |  95.2 |       1 |       2 |  66.7
            +---------+---------+-------+---------+---------+-------
